 Dungeon Crawl Stone Soup version 0.30.0-10-gfe55d96785 (webtiles) character file.

Game seed: 2680898720005528485

3045 Edyrem the Nimble (level 10, 0/74 HPs)
             Began as a Formicid Hunter on May 15, 2023.
             Was a Follower of Fedhas.
             Slain by a vampire mosquito (6 damage)
             ... on level 7 of the Dungeon.
             The game lasted 00:15:48 (6526 turns).

Edyrem the Nimble (Formicid Hunter)                 Turns: 6526, Time: 00:15:48

Health: 0/74       AC:  3    Str: 16    XL:     10   Next: 11%
Magic:  10/10      EV: 30    Int:  9    God:    Fedhas [*.....]
Gold:   274        SH:  0    Dex: 21    Spells: 9/9 levels left

rFire   . . .        a - +0 shortbow (drain)
rCold   + . .        (no shield)
rNeg    . . .        g - +0 robe {rC+}
rPois   .            (helmet unavailable)
rElec   .            (no cloak)
rCorr   .            f - +0 pair of gloves
SInv    +            (no boots)
Will    +....        i - amulet of regeneration
Stlth   ++           q - +5 ring of evasion
HPRegen 1.12/turn    s - +5 ring of evasion
MPRegen 0.12/turn

%: no passive effects
@: studying Armour
A: permanent stasis, dig shafts and tunnels, antennae 3, four strong arms
a: Dig, Shaft Self, Renounce Religion


You were on level 7 of the Dungeon.
You worshipped Fedhas.
Fedhas was aware of your devotion.
You visited 2 branches of the dungeon, and saw 8 of its levels.
You also visited: Ossuary.

You collected 274 gold pieces.

Inventory:

Hand Weapons
 a - a +0 shortbow of draining (weapon)
 b - a +3 dagger of electrocution
 y - a +0 arbalest
 z - a +3 quarterstaff
 H - a +3 whip
Missiles
 n - 2 throwing nets
Armour
 c - a +0 leather armour
 f - a +0 pair of gloves (worn)
 g - a +0 robe of cold resistance (worn)
Jewellery
 i - an amulet of regeneration (around neck)
 q - a +5 ring of evasion (left hand)
 s - a +5 ring of evasion (right hand)
 C - an amulet of magic regeneration
 E - a +6 ring of intelligence
 L - an amulet of reflection
Wands
 I - a wand of roots (2)
 M - a wand of flame (25)
Scrolls
 d - 2 scrolls of blinking {unknown}
 l - 4 scrolls of identify {unknown}
 m - 2 scrolls of amnesia {unknown}
 p - 4 scrolls of enchant armour {unknown}
 r - 2 scrolls of butterflies {unknown}
 w - a scroll of silence
 A - 3 scrolls of immolation
 J - 2 scrolls of magic mapping {unknown}
 K - a scroll of poison {unknown}
Potions
 e - 9 potions of haste {unknown}
 h - 2 potions of resistance {unknown}
 j - 4 potions of brilliance {unknown}
 k - 2 potions of heal wounds {unknown}
 o - 4 potions of might {unknown}
 t - 5 potions of curing {@q2}
 u - 3 potions of mutation {unknown}
 v - 3 potions of flight {unknown}
 x - a potion of berserk rage {unknown}
 B - a potion of invisibility {unknown}
 D - a potion of attraction {unknown}
 F - a potion of ambrosia {unknown}
 G - a potion of cancellation {unknown}


   Skills:
 - Level 5.5 Fighting
 - Level 6.1 Ranged Weapons
 + Level 10.8 Dodging
 - Level 1.2 Stealth


You had 9 spell levels left.
You didn't know any spells.
Your spell library contained the following spells:

 Spells                   Type           Power      Damage    Failure   Level
 Apportation              Tloc           0%         N/A       38%         1
 Necrotise                Necr           0%         1d4       38%         1
 Summon Small Mammal      Summ           0%         N/A       38%         1


Dungeon Overview and Level Annotations

Branches:
Dungeon (7/15)             Temple (1/1) D:4         Ossuary (visited)

Altars:
Ashenzari
Cheibriados
Dithmenos
Elyvilon
Fedhas
Gozag
Hepliaklqana
Makhleb
Nemelex Xobeh
Okawaru
Qazlal
Sif Muna
Trog
Uskayaw
Vehumet
Wu Jian
Xom
Yredelemnul
Zin
The Shining One


Innate Abilities, Weirdness & Mutations

You cannot be hasted, slowed, berserked, paralysed or teleported.
You can dig through walls and to a lower floor.
You have a pair of large antennae on your head. (SInv)
Your four strong arms can wield two-handed weapons with a shield.


Message History

Fire: a) +0 shortbow (drain)
Press: ? - help, Q - select action, (/) - cycle Shift-Dir - straight line, f/p - vampire mosquito
Aim: a vampire mosquito (almost destroyed, 52% to hit)
You shoot an arrow.
The arrow hits the vampire mosquito but does no damage.
The vampire mosquito is almost destroyed.
The vampire mosquito completely misses you.
The vampire mosquito closely misses you.
The vampire mosquito completely misses you.
The vampire mosquito closely misses you.
Fire: a) +0 shortbow (drain)
Press: ? - help, Q - select action, (/) - cycle Shift-Dir - straight line, f/p - vampire mosquito
Aim: a vampire mosquito (almost destroyed, 52% to hit)
You shoot an arrow.
The arrow barely misses the vampire mosquito.
The vampire mosquito completely misses you.
The vampire mosquito barely misses you.
The vampire mosquito completely misses you.
The vampire mosquito closely misses you.
The vampire mosquito completely misses you.
The vampire mosquito misses you.
Fire: a) +0 shortbow (drain)
Press: ? - help, Q - select action, (/) - cycle Shift-Dir - straight line, f/p - vampire mosquito
Aim: a vampire mosquito (almost destroyed, 52% to hit)
You shoot an arrow. The arrow hits the vampire mosquito.
The vampire mosquito is almost destroyed.
The vampire mosquito completely misses you.
The vampire mosquito misses you. The vampire mosquito bites you.
* * * LOW HITPOINT WARNING * * *
The vampire mosquito draws strength from your injuries!
The vampire mosquito misses you.
Fire: a) +0 shortbow (drain)
Press: ? - help, Q - select action, (/) - cycle Shift-Dir - straight line, f/p - vampire mosquito
Aim: a vampire mosquito (severely damaged, 52% to hit)
You shoot an arrow. The arrow hits the vampire mosquito.
The vampire mosquito is almost destroyed.
The vampire mosquito completely misses you.
The vampire mosquito bites you.
You die...
Fedhas appreciates your contribution to the ecosystem.

###..####.....##
#...... .
##...##......# .......
.
###.........###.......
.#
##.........#.<......
.. ##........#........
.. ###...............
. #######......... .
#yy....... .
#@###...#. . #...#..##
. ######....# .# .
#......_.... . .
#...#....#####.
#...#...## ##...###.#
##........#
##.........#


You could see 2 vampire mosquitoes.

Vanquished Creatures
  Pikel (D:6)
  Grinder (D:4)
  2 vampire mosquitoes (D:7)
  Menkaure (D:4)
  An ice beast (D:7)
  An orc warrior (D:7)
  A black bear (D:5)
  An ogre (D:5)
  A lemure (D:6)
  A phantom (D:5)
  2 bullfrogs
  9 scorpions
  A howler monkey (D:6)
  3 centaur zombies (Ossuary)
  2 hounds (D:5)
  2 jellies
  3 orc priests
  2 gnoll boudas
  Natasha (thrice) (D:3)
  An iguana (D:5)
  An orc wizard (D:7)
  A scorpion zombie (Ossuary)
  4 mummies
  14 gnolls
  6 adders
  2 white imps
  6 dart slugs
  18 orcs
  6 ball pythons
  5 bats
  7 endoplasms
  4 giant cockroaches
  4 goblins
  6 hobgoblins
  11 jackals
  12 kobolds
  2 quokkas
  9 frilled lizards
  2 gnoll zombies (Ossuary)
  3 goblin zombies (Ossuary)
  3 hobgoblin zombies (Ossuary)
  2 kobold zombies
  4 orc zombies
  7 rats
178 creatures vanquished.

Vanquished Creatures (others)
  A white imp (D:6)
1 creature vanquished.

Grand Total: 179 creatures vanquished

Notes
Turn   | Place    | Note
-------+----------+-------------------------------------------
     0 | D:1      | Edyrem the Formicid Hunter began the quest for the Orb.
     0 | D:1      | Reached XP level 1. HP: 16/16 MP: 1/1
   186 | D:1      | Reached XP level 2. HP: 23/23 MP: 2/2
   422 | D:1      | Reached XP level 3. HP: 29/29 MP: 3/3
  1064 | D:2      | Reached XP level 4. HP: 35/35 MP: 4/4
  1169 | D:2      | Reached skill level 5 in Ranged Weapons
  1243 | D:2      | Reached XP level 5. HP: 40/42 MP: 5/5
  2085 | D:3      | Noticed Natasha
  2090 | D:3      | Killed Natasha
  2290 | D:3      | Noticed Natasha
  2293 | D:3      | Killed Natasha
  2294 | D:3      | Reached XP level 6. HP: 49/49 MP: 6/6
  2562 | D:3      | Noticed Natasha
  2565 | D:3      | Killed Natasha
  2566 | D:3      | Reached skill level 5 in Fighting
  2705 | D:4      | Found a sand-covered staircase.
  2715 | Ossuary  | Entered an ossuary
  2806 | Ossuary  | Reached XP level 7. HP: 56/56 MP: 7/7
  2820 | Ossuary  | Reached skill level 2 in Dodging
  2884 | Ossuary  | Reached skill level 3 in Dodging
  2964 | Ossuary  | Reached skill level 4 in Dodging
  3100 | Ossuary  | Reached XP level 8. HP: 63/63 MP: 8/8
  3113 | Ossuary  | Reached skill level 5 in Dodging
  3471 | D:4      | Reached skill level 6 in Dodging
  3518 | D:4      | Noticed Menkaure
  3524 | D:4      | Killed Menkaure
  3561 | D:4      | Found a staircase to the Ecumenical Temple.
  3570 | Temple   | Entered the Ecumenical Temple
  3802 | Temple   | Became a worshipper of Fedhas Madash
  3879 | D:4      | Noticed Grinder
  3893 | D:4      | Killed Grinder
  3894 | D:4      | Reached skill level 7 in Dodging
  4474 | D:5      | Entered Level 5 of the Dungeon
  4596 | D:5      | Found an iron altar of Okawaru.
  4610 | D:5      | Reached XP level 9. HP: 68/68 MP: 9/9
  4761 | D:5      | Reached * piety under Fedhas
  4776 | D:5      | Found an opulent altar of Gozag.
  4790 | D:5      | Found a shimmering altar of Xom.
  4997 | D:5      | Reached skill level 8 in Dodging
  5434 | D:6      | Reached skill level 9 in Dodging
  6021 | D:6      | Noticed Pikel
  6038 | D:6      | Killed Pikel
  6309 | D:7      | Reached skill level 10 in Dodging
  6373 | D:7      | Found a snail-covered altar of Cheibriados.
  6487 | D:7      | Reached XP level 10. HP: 74/74 MP: 10/10
  6526 | D:7      | Slain by a vampire mosquito

Illustrated notes

Levels and vault maps discovered:
D:1:      matt_arrival_refuge, layout_loops_corners
D:2:      layout_basic
D:3:      layout_basic, uniq_natasha
D:4:      layout_cave_pods, minmay_temple_entry_ruins,
          nicolae_ossuary_entry_giza, serial_forest,
          infiniplex_forest_straight_2, infiniplex_forest_straight_3,
          infiniplex_forest_clump_C, infiniplex_forest_clump_long,
          infiniplex_forest_lined_1, infiniplex_forest_end_2,
          infiniplex_forest_straight_2, infiniplex_forest_clump_long,
          minmay_manual_macuahuitl, uniq_menkaure, uniq_grinder
D:5:      layout_loops_ring, mainiacjoe_overflow_24_doors,
          mainiacjoe_overflow_catch_the_wave,
          amcnicky_mini_rare_corridor_liquid, lexackson_kobold_supper
D:6:      layout_loops_corners, uniq_pikel
D:7:      layout_cave_pods, mainiacjoe_overflow_catwalk,
          nicolae_overflow_crystal_walls
Temple:   eino_temple_scatter_basement

Skill      XL: |  1  2  3  4  5  6  7  8  9 |
---------------+----------------------------+-----
Fighting       | 3 4 5 |  5.5
Ranged Weapons | 5 6 |  6.1
Dodging        | 4 7 10 | 10.8
Stealth        | |  1.2

Action                     |  1- 3 |  4- 6 |  7- 9 | 10-12 || total
---------------------------+-------+-------+-------+-------++-------
  Melee: Dagger            |       |    12 |    36 |       ||    48
         Punch             |       |       |     1 |       ||     1
         Shortbow          |       |       |     3 |       ||     3
   Fire: Shortbow          |    94 |   144 |   352 |    36 ||   626
Ability: Dig               |       |     2 |       |       ||     2
    Use: Scroll            |       |       |     9 |       ||     9
 Armour: Robe              |    11 |     2 |    18 |     5 ||    36
  Dodge: Dodged            |    29 |   104 |   309 |   155 ||   597
